[Event "CZE-ch 2020"]
[Site "Pilsen"]
[Date "2020.08.29"]
[Round "7.5"]
[White "Malinovsky, Karel"]
[Black "Orsag, Milan"]
[Result "1-0"]
[ECO "B46"]
[WhiteElo "2474"]
[BlackElo "2300"]
[Annotator "ChessBase"]
[PlyCount "57"]
[EventDate "2020.08.23"]
[EventType "swiss"]
[EventCountry "CZE"]
[SourceTitle "playchess.com"]
[Source "ChessBase"]
[SourceQuality "1"]
[TimeControl "40/5400+30:1800+30"]

1. e4 c5 2. Nf3 e6 3. d4 cxd4 4. Nxd4 Nc6 5. Nc3 a6 6. g3 d6 7. Bg2 Bd7 8. O-O Nf6 9. Nb3 b5 10. a3 Rc8 11. f4 h5 12. Qe2 Qc7 13. Bd2 Be7 14. h3 Qa7+ 15. Be3 Qb8 16. Rfe1 O-O 17. Bf2 b4 18. axb4 Nxb4 19. e5 dxe5 20. fxe5 Nfd5 21. Nxd5 Nxd5 22. Qxh5 g6 23. Qg4 Rfd8 24. Bxd5 exd5 25. e6 Rc4 26. Bd4 Rxd4 27. Nxd4 Bc8 28. exf7+ Kxf7 29. Rxe7+ 1-0

[Event "CZE-ch 2020"]
[Site "Pilsen"]
[Date "2020.08.29"]
[Round "7.8"]
[White "Havelka, Josef"]
[Black "Brejnik, Gustav"]
[Result "1/2-1/2"]
[ECO "C89"]
[WhiteElo "2367"]
[BlackElo "2265"]
[Annotator "ChessBase"]
[PlyCount "146"]
[EventDate "2020.08.23"]
[EventType "swiss"]
[EventCountry "CZE"]
[SourceTitle "playchess.com"]
[Source "ChessBase"]
[SourceQuality "1"]
[TimeControl "40/5400+30:1800+30"]

1. e4 e5 2. Nf3 Nc6 3. Bb5 a6 4. Ba4 Nf6 5. O-O Be7 6. Re1 b5 7. Bb3 O-O 8. c3 d5 9. exd5 Nxd5 10. Nxe5 Nxe5 11. Rxe5 c6 12. Bxd5 cxd5 13. d3 Bd6 14. Re1 Qh4 15. g3 Qh3 16. Qf3 Bg4 17. Qg2 Qh5 18. f4 Rae8 19. Be3 Qf5 20. Nd2 Qxd3 21. Bd4 Be2 22. Nb3 Bf3 23. Qf2 Be4 24. Nc5 Qf3 25. Nxe4 dxe4 26. Qxf3 exf3 27. Kf2 Re2+ 28. Rxe2 fxe2 29. Kxe2 Re8+ 30. Kf3 f5 31. Rd1 Re6 32. Be3 Kf7 33. Rd5 g6 34. a4 bxa4 35. Ra5 Bc7 36. Rxa4 Ke7 37. Bd4 Kd7 38. Be5 Bxe5 39. fxe5 Rb6 40. b4 Ke6 41. Ke3 Kxe5 42. Ra5+ Ke6 43. Kd4 Rd6+ 44. Kc4 h6 45. Kb3 g5 46. c4 f4 47. gxf4 gxf4 48. c5 Rc6 49. Kc4 Ke5 50. Ra1 f3 51. b5 axb5+ 52. Kxb5 Rc8 53. c6 Kf4 54. Kb6 f2 55. Kb7 Re8 56. c7 Kf3 57. c8=Q Rxc8 58. Kxc8 Kg2 59. h4 f1=Q 60. Rxf1 Kxf1 61. Kd7 Kg2 62. Ke6 Kh3 63. Kf5 Kxh4 64. Kf4 Kh3 65. Kf3 h5 66. Kf2 Kh2 67. Kf1 h4 68. Kf2 Kh1 69. Kf1 Kh2 70. Kf2 h3 71. Kf1 Kg3 72. Kg1 h2+ 73. Kh1 Kh3 1/2-1/2

[Event "CZE-ch 2020"]
[Site "Pilsen"]
[Date "2020.08.29"]
[Round "7.9"]
[White "Kozusek, Daniel"]
[Black "Hollan, Martin"]
[Result "1/2-1/2"]
[ECO "A45"]
[WhiteElo "2307"]
[BlackElo "2346"]
[Annotator "NA"]
[PlyCount "73"]
[EventDate "2020.08.23"]
[EventType "swiss"]
[EventCountry "CZE"]
[SourceTitle "playchess.com"]
[Source "ChessBase"]
[SourceQuality "1"]
[TimeControl "40/5400+30:1800+30"]

1. d4 Nf6 2. Bg5 e6 3. e4 h6 4. Bxf6 Qxf6 5. c3 d6 6. Bd3 g6 7. Ne2 Bg7 8. O-O e5 9. f4 Qe7 10. f5 gxf5 11. exf5 Nd7 12. Ng3 Nf6 13. Qf3 (13. Nd2 $14) 13... Bd7 14. Qxb7 O-O 15. Nd2 Rab8 16. Qf3 $11 exd4 17. Rae1 Qd8 18. cxd4 Rxb2 19. Nde4 d5 20. Nxf6+ Bxf6 21. Kh1 Bb5 22. Bxb5 Rxb5 23. Nh5 Rb4 24. Qxd5 Rxd4 25. Qc5 Qd6 26. Nxf6+ Qxf6 27. Qxa7 Rd2 28. Qxc7 Rxa2 29. Qe5 Qxe5 30. Rxe5 Rfa8 31. h3 Ra1 32. Rxa1 Rxa1+ 33. Kh2 Kg7 34. Kg3 Kf6 35. Rb5 Ra4 36. Kf3 Kg5 37. g3 1/2-1/2

[Event "CZE-ch 2020"]
[Site "Pilsen"]
[Date "2020.08.29"]
[Round "7.10"]
[White "Rabatin, Jakub"]
[Black "Hurdzan, Tomas"]
[Result "1/2-1/2"]
[ECO "C03"]
[WhiteElo "2291"]
[BlackElo "2325"]
[Annotator "ChessBase"]
[PlyCount "73"]
[EventDate "2020.08.23"]
[EventType "swiss"]
[EventCountry "CZE"]
[SourceTitle "playchess.com"]
[Source "ChessBase"]
[SourceQuality "1"]
[TimeControl "40/5400+30:1800+30"]

1. e4 e6 2. d4 d5 3. Nd2 Be7 4. Bd3 c5 5. dxc5 Nf6 6. exd5 Qxd5 7. Ngf3 Nbd7 8. O-O O-O 9. b4 a5 10. Bc4 Qh5 11. c3 Nd5 12. Bxd5 Qxd5 13. a3 b6 14. cxb6 Nxb6 15. Nb3 a4 16. Na5 Ba6 17. Re1 Rac8 18. Bb2 Bf6 19. Nd4 Rfd8 20. Ndc6 Rd6 21. Qxd5 Nxd5 22. Rad1 Kf8 23. c4 Bxb2 24. cxd5 Rxd5 25. Rxd5 exd5 26. Rb1 Re8 27. h3 Re2 28. Rd1 Bc4 29. Nd4 Re8 30. Nac6 Rc8 31. Rb1 Bxa3 32. Ra1 Bb2 33. Rxa4 Bb5 34. Ra2 Bxd4 35. Nxd4 Bc4 36. Rb2 Ke7 37. f3 1/2-1/2

[Event "CZE-ch 2020"]
[Site "Pilsen"]
[Date "2020.08.29"]
[Round "7.11"]
[White "Finek, Vaclav"]
[Black "Svanda, Ondrej"]
[Result "1-0"]
[ECO "A04"]
[WhiteElo "2344"]
[BlackElo "2250"]
[Annotator "ChessBase"]
[PlyCount "83"]
[EventDate "2020.08.23"]
[EventType "swiss"]
[EventCountry "CZE"]
[SourceTitle "playchess.com"]
[Source "ChessBase"]
[SourceQuality "1"]
[TimeControl "40/5400+30:1800+30"]

1. Nf3 g6 2. c4 Bg7 3. d4 d6 4. g3 c5 5. Bg2 cxd4 6. Nxd4 Qb6 7. Nb3 Qb4+ 8. N1d2 Nf6 9. O-O O-O 10. e4 Nc6 11. Qe2 a5 12. Nf3 Be6 13. Nbd2 a4 14. Rb1 Rfc8 15. Ng5 Bg4 16. Qe3 h6 17. Ngf3 Be6 18. b3 a3 19. Rd1 Qc5 20. Qe2 Nb4 21. Nf1 Nxe4 22. Qxe4 Bf5 23. Qe1 Bxb1 24. Be3 Nc2 25. Bxc5 Nxe1 26. Rxe1 Bxa2 27. Bd4 e5 28. Ba1 Rab8 29. N3d2 b5 30. Bd5 bxc4 31. bxc4 e4 32. Bxg7 Kxg7 33. Re3 f5 34. Rxa3 Bb1 35. Ra7+ Kf6 36. f4 exf3 37. Rf7+ Kg5 38. h4+ Kg4 39. Bxf3+ Kh3 40. Bg2+ Kg4 41. Bf3+ Kh3 42. Rf6 1-0

[Event "CZE-ch 2020"]
[Site "Pilsen"]
[Date "2020.08.29"]
[Round "7.12"]
[White "Cerveny, Petr"]
[Black "Nytra, Ondrej"]
[Result "1-0"]
[ECO "C88"]
[WhiteElo "2340"]
[BlackElo "1925"]
[Annotator "ChessBase"]
[PlyCount "93"]
[EventDate "2020.08.23"]
[EventType "swiss"]
[EventCountry "CZE"]
[SourceTitle "playchess.com"]
[Source "ChessBase"]
[SourceQuality "1"]
[TimeControl "40/5400+30:1800+30"]

1. e4 e5 2. Nf3 Nc6 3. Bb5 a6 4. Ba4 Nf6 5. O-O Be7 6. Re1 b5 7. Bb3 d6 8. a4 Bg4 9. c3 O-O 10. h3 Bh5 11. d3 Qd7 12. Nbd2 b4 13. a5 Nd8 14. Nf1 bxc3 15. bxc3 Ne6 16. Ng3 Bg6 17. Nh4 c6 18. Nhf5 Bd8 19. Qf3 Nc5 20. Bc2 Re8 21. Be3 Rb8 22. Bxc5 dxc5 23. Ne3 Rb2 24. Qe2 h5 25. Nc4 Rb7 26. Qe3 h4 27. Nf1 Qe7 28. Ba4 Rc7 29. Nfd2 Nh5 30. Nf3 Qf6 31. Qxc5 Nf4 32. Ncxe5 Bh5 33. Re3 Be7 34. Qc4 Bd6 35. d4 Bxe5 36. Nxe5 Qg5 37. Qf1 Rxe5 38. dxe5 Rb7 39. Bd1 Rb2 40. Bxh5 Qxh5 41. Qxa6 Kh7 42. Qc8 g6 43. Qg4 Qxe5 44. a6 Ne6 45. a7 Nc7 46. Qxh4+ Kg7 47. Qg3 1-0

[Event "CZE-ch 2020"]
[Site "Pilsen"]
[Date "2020.08.29"]
[Round "7.14"]
[White "Nemec, Pavel"]
[Black "Stalmach, Richard"]
[Result "1-0"]
[ECO "B45"]
[WhiteElo "2243"]
[BlackElo "2273"]
[Annotator "NA"]
[PlyCount "73"]
[EventDate "2020.08.23"]
[EventType "swiss"]
[EventCountry "CZE"]
[SourceTitle "playchess.com"]
[Source "ChessBase"]
[SourceQuality "1"]
[TimeControl "40/5400+30:1800+30"]

1. e4 c5 2. Nf3 e6 3. d4 cxd4 4. Nxd4 Nc6 5. Nc3 Nf6 6. Nxc6 bxc6 7. e5 Nd5 8. Ne4 Qc7 9. f4 f5 10. exf6 gxf6 11. Bd3 Qb6 12. a3 Be7 13. Qh5+ Kd8 14. Qe2 Rg8 15. c4 f5 16. Ng5 Nf6 $1 17. Bd2 c5 {[%emt 0:23:11] [#]} 18. O-O-O $1 Bb7 $16 19. Rhe1 h6 20. Bxf5 hxg5 21. fxg5 Rb8 22. gxf6 Bxf6 23. Ba5 Qxa5 24. Rxd7+ Kc8 25. Qxe6 Bxb2+ 26. Kb1 Be4+ 27. Qxe4 Qxe1+ 28. Qxe1 Bc3+ 29. Rb7+ Kxb7 30. Qxc3 Rxg2 31. Kc1 Ka6 32. Qf6+ Ka5 33. Qd6 Rbb2 34. Qxc5+ Ka4 35. Qe3 a5 36. Bd7+ Rb5 37. Bxb5# 1-0

[Event "CZE-ch 2020"]
[Site "Pilsen"]
[Date "2020.08.29"]
[Round "7.15"]
[White "Houska, Jiri"]
[Black "Serrano, Salvador Eduardo"]
[Result "1/2-1/2"]
[ECO "C42"]
[WhiteElo "2202"]
[BlackElo "2299"]
[Annotator "ChessBase"]
[PlyCount "82"]
[EventDate "2020.08.23"]
[EventType "swiss"]
[EventCountry "CZE"]
[SourceTitle "playchess.com"]
[Source "ChessBase"]
[SourceQuality "1"]
[TimeControl "40/5400+30:1800+30"]

1. e4 e5 2. Nf3 Nf6 3. Nxe5 d6 4. Nf3 Nxe4 5. d4 d5 6. c4 Bb4+ 7. Nbd2 O-O 8. cxd5 Qxd5 9. Be2 Nc6 10. O-O Bxd2 11. Bxd2 Nxd4 12. Nxd4 Qxd4 13. Bf4 Qxb2 14. Bf3 Nd6 15. Bxd6 cxd6 16. Qxd6 Be6 17. Rfb1 Qf6 18. Bxb7 Rab8 19. Qa6 Qg6 20. Re1 Qg5 21. Bf3 Qc5 22. Rec1 Qd4 23. Rd1 Qb6 24. Qxb6 Rxb6 25. Bd5 Rb2 26. h3 h6 27. Bb3 a5 28. Rd4 Ra8 29. Bxe6 fxe6 30. Ra4 Rf8 31. Rf1 Rf5 32. g4 Re5 33. Kg2 g5 34. Kg3 Kg7 35. h4 Rc2 36. hxg5 hxg5 37. Ra3 Kg6 38. f4 gxf4+ 39. Rxf4 Ree2 40. Rxa5 Rg2+ 41. Kh3 Rxa2 1/2-1/2

[Event "CZE-ch 2020"]
[Site "Pilsen"]
[Date "2020.08.29"]
[Round "7.16"]
[White "Klement, Lukas"]
[Black "Novotny, Martin"]
[Result "1/2-1/2"]
[ECO "D02"]
[WhiteElo "2260"]
[BlackElo "2180"]
[Annotator "ChessBase"]
[PlyCount "123"]
[EventDate "2020.08.23"]
[EventType "swiss"]
[EventCountry "CZE"]
[SourceTitle "playchess.com"]
[Source "ChessBase"]
[SourceQuality "1"]
[TimeControl "40/5400+30:1800+30"]

1. d4 d5 2. Nf3 Nf6 3. Bf4 e6 4. e3 Bd6 5. Ne5 O-O 6. Nd2 c5 7. c3 Qc7 8. Bg3 Nc6 9. f4 b6 10. Bd3 Bb7 11. Bh4 Ne4 12. Nxe4 dxe4 13. Bxe4 Nxe5 14. dxe5 Be7 15. Bxe7 Qxe7 16. Bxb7 Qxb7 17. Qf3 Qa6 18. Qe2 c4 19. Kf2 Rad8 20. Rhd1 Rd3 21. Rxd3 cxd3 22. Qd2 Rd8 23. b3 Qb7 24. c4 Qe4 25. Rc1 g5 26. b4 gxf4 27. exf4 Rd4 28. g3 Rxc4 29. Rxc4 Qxc4 30. Ke3 Kg7 31. a3 h5 32. h4 Qd5 33. Qxd3 Qg2 34. Kd4 Qd5+ 35. Kc3 Qa2 36. Qa6 Qa1+ 37. Kd2 Qb2+ 38. Ke3 Qc1+ 39. Kf2 Qb2+ 40. Qe2 Qxa3 41. b5 Qc5+ 42. Kg2 Qd5+ 43. Kh2 Kh6 44. Qe3 Kh7 45. Qe2 Kh6 46. Kg1 Qc5+ 47. Kf1 Qd5 48. Kf2 Qc5+ 49. Kg2 Qd5+ 50. Kh2 Qd4 51. f5 exf5 52. e6 fxe6 53. Qxe6+ Kg7 54. Qe7+ Kg6 55. Qg5+ Kf7 56. Qxf5+ Ke7 57. Qg5+ Ke6 58. Qxh5 Qf2+ 59. Kh3 Qf1+ 60. Kh2 Qf2+ 61. Kh1 Qf1+ 62. Kh2 1/2-1/2

[Event "CZE-ch 2020"]
[Site "Pilsen"]
[Date "2020.08.29"]
[Round "7.18"]
[White "Pychova, Nela"]
[Black "Freisler, Pavel"]
[Result "1/2-1/2"]
[ECO "A05"]
[WhiteElo "2159"]
[BlackElo "2249"]
[Annotator "ChessBase"]
[PlyCount "110"]
[EventDate "2020.08.23"]
[EventType "swiss"]
[EventCountry "CZE"]
[SourceTitle "playchess.com"]
[Source "ChessBase"]
[SourceQuality "1"]
[TimeControl "40/5400+30:1800+30"]

1. Nf3 Nf6 2. g3 d5 3. Bg2 c5 4. O-O Nc6 5. d3 g6 6. Nbd2 Bg7 7. e4 O-O 8. Re1 e5 9. exd5 Nxd5 10. Nc4 f6 11. a4 Be6 12. Bd2 Qd7 13. Qc1 Ndb4 14. Bxb4 Nxb4 15. Re2 Rad8 16. Qe3 b6 17. Ne1 Rfe8 18. Qc1 h5 19. h4 Kh7 20. Qb1 Bd5 21. Ne3 Bxg2 22. N3xg2 Qc6 23. c3 Nd5 24. Qc2 Bh6 25. Qb3 a6 26. Qc4 b5 27. axb5 axb5 28. Ra7+ Bg7 29. Qb3 Ra8 30. Rxa8 Rxa8 31. c4 Nb4 32. Ne3 Ra1 33. Nd5 Qd7 34. Kg2 Nxd5 35. cxd5 Ra4 36. Nc2 Bh6 37. Ne3 Rd4 38. Nd1 Rxd5 39. Nc3 Rxd3 40. Ne4 Bg7 41. Qc2 c4 42. f3 Qd5 43. Rf2 b4 44. Qa4 b3 45. Qa7 Kh6 46. Qc7 Rd4 47. Qb6 Qd8 48. Qc6 Qd7 49. Qb6 Qe7 50. Qc6 f5 51. Ng5 Qd7 52. Qa8 Rd2 53. Qg8 Rxf2+ 54. Kxf2 Qd2+ 55. Kf1 Qd1+ 1/2-1/2

[Event "CZE-ch 2020"]
[Site "Pilsen"]
[Date "2020.08.29"]
[Round "7.19"]
[White "Nemec, Jachym"]
[Black "Gloser, David"]
[Result "0-1"]
[ECO "A43"]
[WhiteElo "2150"]
[BlackElo "2248"]
[Annotator "ChessBase"]
[PlyCount "80"]
[EventDate "2020.08.23"]
[EventType "swiss"]
[EventCountry "CZE"]
[SourceTitle "playchess.com"]
[Source "ChessBase"]
[SourceQuality "1"]
[TimeControl "40/5400+30:1800+30"]

1. d4 c5 2. d5 g6 3. Nf3 Bg7 4. e4 d6 5. Bd3 Nf6 6. Nc3 O-O 7. O-O Na6 8. Nd2 Nc7 9. a4 Rb8 10. Nc4 b6 11. Re1 a6 12. Bf1 b5 13. Na5 Bd7 14. axb5 axb5 15. Bg5 h6 16. Bh4 Ra8 17. e5 dxe5 18. Nb7 Qc8 19. Nxc5 Bg4 20. f3 Rxa1 21. Qxa1 Ncxd5 22. Bf2 Nxc3 23. bxc3 Bd7 24. Qa7 Bc6 25. Qa5 Qa8 26. Qb4 Nd5 27. Qb3 Rb8 28. Nd3 e4 29. Rxe4 Bxc3 30. Nf4 Bf6 31. Nd3 Nc3 32. Rf4 Qa1 33. Ne1 Bd5 34. Qb4 Qa4 35. Bc5 Qxb4 36. Rxb4 Rc8 37. Bf2 Bc4 38. Nd3 Na2 39. Rb1 Nc3 40. Rb4 Ra8 0-1

[Event "CZE-ch 2020"]
[Site "Pilsen"]
[Date "2020.08.29"]
[Round "7.20"]
[White "Smolik, Jachym"]
[Black "Novotny, Michal"]
[Result "0-1"]
[ECO "A43"]
[WhiteElo "2121"]
[BlackElo "2246"]
[Annotator "ChessBase"]
[PlyCount "81"]
[EventDate "2020.08.23"]
[EventType "swiss"]
[EventCountry "CZE"]
[SourceTitle "playchess.com"]
[Source "ChessBase"]
[SourceQuality "1"]
[TimeControl "40/5400+30:1800+30"]

1. d4 Nf6 2. Nf3 c5 3. d5 b5 4. Bg5 Bb7 5. Bxf6 exf6 6. e3 c4 7. Be2 Bc5 8. O-O O-O 9. e4 Re8 10. Nc3 a6 11. Nd4 Qb6 12. Nf5 g6 13. Ng3 Bf8 14. a4 d6 15. axb5 axb5 16. Rxa8 Bxa8 17. Qd2 Nd7 18. Qf4 Bg7 19. Nd1 f5 20. exf5 Bxd5 21. Qd2 Qc5 22. c3 Bc6 23. Kh1 d5 24. f3 d4 25. Ne4 Bxe4 26. fxe4 Rxe4 27. fxg6 hxg6 28. Bf3 Re7 29. Nf2 Ne5 30. Ne4 Nxf3 31. gxf3 Qf5 32. Rf2 d3 33. Qe3 Qe5 34. Qb6 f5 35. Ng5 Qe3 36. Qxg6 Qf4 37. Kg2 d2 38. Qh7+ Kf8 39. Nh3 Qd6 40. Qxf5+ Kg8 41. Rxd2 0-1

[Event "CZE-ch 2020"]
[Site "Pilsen"]
[Date "2020.08.29"]
[Round "7.21"]
[White "Jun, Rudolf"]
[Black "Kusa, Jakub"]
[Result "1/2-1/2"]
[ECO "B13"]
[WhiteElo "2094"]
[BlackElo "2239"]
[Annotator "ChessBase"]
[PlyCount "108"]
[EventDate "2020.08.23"]
[EventType "swiss"]
[EventCountry "CZE"]
[SourceTitle "playchess.com"]
[Source "ChessBase"]
[SourceQuality "1"]
[TimeControl "40/5400+30:1800+30"]

1. e4 c6 2. d4 d5 3. exd5 cxd5 4. c4 Nf6 5. Nc3 Nc6 6. Bg5 Be6 7. Nf3 g6 8. Qb3 Na5 9. Qa4+ Bd7 10. Qb4 dxc4 11. Bxc4 e6 12. Bxf6 Bxb4 13. Bxd8 Rxd8 14. Be2 Rc8 15. Rc1 Nc4 16. O-O Ke7 17. Bxc4 Rxc4 18. Rfd1 f6 19. d5 Rhc8 20. dxe6 Bxe6 21. Rd3 Kf7 22. Re3 Bxc3 23. bxc3 Bd5 24. Rd1 Bxf3 25. Rd7+ Kg8 26. gxf3 R4c7 27. Re8+ Rxe8 28. Rxc7 Re1+ 29. Kg2 Rb1 30. c4 a5 31. c5 Rb2 32. Kg3 a4 33. Rc8+ Kg7 34. Ra8 Rb4 35. a3 Rb5 36. Rxa4 Rxc5 37. Ra7 Rg5+ 38. Kf4 Rb5 39. a4 Rb4+ 40. Kg3 Kh6 41. a5 Kg5 42. a6 bxa6 43. Rxa6 h5 44. Ra3 f5 45. Kg2 h4 46. h3 Kf4 47. Ra6 g5 48. Ra8 Rd4 49. Rb8 Rd3 50. Rb4+ Ke5 51. Rb5+ Rd5 52. Rb8 Ra5 53. Rg8 Kf4 54. Rb8 Ra4 1/2-1/2

[Event "CZE-ch 2020"]
[Site "Pilsen"]
[Date "2020.08.29"]
[Round "7.22"]
[White "Vorisek, Jakub"]
[Black "Paseka, Matyas"]
[Result "1/2-1/2"]
[ECO "B32"]
[WhiteElo "2205"]
[BlackElo "1959"]
[Annotator "NA"]
[PlyCount "67"]
[EventDate "2020.08.23"]
[EventType "swiss"]
[EventCountry "CZE"]
[SourceTitle "playchess.com"]
[Source "ChessBase"]
[SourceQuality "1"]
[TimeControl "40/5400+30:1800+30"]

1. e4 c5 2. Nf3 Nc6 3. d4 cxd4 4. Nxd4 e5 5. Nb5 d6 6. c4 Be7 7. N1c3 a6 8. Na3 f5 9. exf5 Bxf5 10. Nc2 Nf6 11. Ne3 Be6 12. g3 O-O 13. Bg2 Qd7 14. O-O Rac8 15. b3 b5 16. Ncd5 $14 Bd8 17. Bb2 Ne7 18. cxb5 axb5 19. Nxe7+ Bxe7 20. a4 bxa4 21. bxa4 Rb8 22. Qd2 Bh3 23. Bxh3 Qxh3 24. a5 Kh8 25. a6 Ne4 26. Qd5 Ng5 27. a7 e4 28. Qxg5 Bxg5 29. axb8=Q Rxb8 30. Ra7 Bh6 31. Rc1 Kg8 32. Rcc7 Rc8 33. Re7 Kh8 34. Rxe4 1/2-1/2

[Event "CZE-ch 2020"]
[Site "Pilsen"]
[Date "2020.08.29"]
[Round "7.23"]
[White "Bartos, Jan"]
[Black "Simek, Petr"]
[Result "1/2-1/2"]
[ECO "A46"]
[WhiteElo "2131"]
[BlackElo "2324"]
[Annotator "NA"]
[PlyCount "62"]
[EventDate "2020.08.23"]
[EventType "swiss"]
[EventCountry "CZE"]
[SourceTitle "playchess.com"]
[Source "ChessBase"]
[SourceQuality "1"]
[TimeControl "40/5400+30:1800+30"]

1. d4 Nf6 2. Nf3 d5 3. g3 c5 4. Bg2 cxd4 5. O-O h6 6. b3 {[%emt 0:00:45] D02: 1 d4 d5 2 Nf3 sidelines, including 2...Nf6 3 g3 and 2...Nf6 3 Bf4.} Nc6 7. Nxd4 e5 8. Nxc6 bxc6 9. c4 Bb7 10. cxd5 cxd5 11. Bb2 {[%emt 0:00:49] [#]} Bd6 $146 ({Predecessor:} 11... Qc7 12. Na3 a6 13. Rc1 Qb8 14. b4 Be7 15. Qa4+ Nd7 16. Bh3 Bc8 17. Bxe5 Bd6 18. Rxc8+ Qxc8 19. Bxd6 Kd8 20. Qa5+ Ke8 21. Qxd5 h5 22. Qe4+ {1-0 (22) Fising,R (1629)-Horstmann,A (1710) Germany 2005}) 12. Nc3 e4 13. Nb5 Be7 14. Rc1 O-O 15. Qd2 a6 16. Nd4 Qd7 17. Qf4 Bd6 18. Qh4 Bc8 {[%emt 0:09:11] [#]} 19. Nc6 $1 Qe6 20. Bxf6 Qxf6 $16 21. Qxf6 gxf6 22. Rfd1 Be6 23. Rc2 f5 24. f4 Kg7 25. Nd4 Rfc8 26. Rdc1 Kf6 27. e3 Ba3 28. Rxc8 Rxc8 29. Rxc8 Bxc8 30. Kf2 Bc5 31. Nc2 a5 1/2-1/2

[Event "CZE-ch 2020"]
[Site "Pilsen"]
[Date "2020.08.29"]
[Round "7.24"]
[White "Folk, Petr"]
[Black "Stinka, Jakub"]
[Result "1-0"]
[ECO "C18"]
[WhiteElo "2122"]
[BlackElo "2299"]
[Annotator "NA"]
[PlyCount "61"]
[EventDate "2020.08.23"]
[EventType "swiss"]
[EventCountry "CZE"]
[SourceTitle "playchess.com"]
[Source "ChessBase"]
[SourceQuality "1"]
[TimeControl "40/5400+30:1800+30"]

1. e4 e6 2. d4 d5 3. Nc3 Bb4 4. e5 c5 5. a3 Bxc3+ 6. bxc3 Ne7 7. h4 Qc7 8. Nf3 b6 9. h5 h6 $1 10. Bb5+ Kf8 11. a4 Nbc6 12. Rh4 $11 Na5 13. Bd3 Bd7 14. Rf4 Kg8 15. Kf1 Rc8 16. Nh4 Nf5 17. Qf3 cxd4 18. Nxf5 exf5 19. cxd4 Be6 20. Kg1 Qc3 21. Rb1 Nc4 22. Kh2 Rc7 23. Be3 Nd2 24. Bxd2 Qxd2 25. Rb5 Rc3 26. a5 bxa5 27. Rxf5 Rxd3 28. cxd3 a4 29. Rb7 Kh7 30. Rfxf7 Bxf7 31. Qf5+ 1-0

[Event "CZE-ch 2020"]
[Site "Pilsen"]
[Date "2020.08.29"]
[Round "7.25"]
[White "Vorisek, Jaroslav"]
[Black "Simet, Martin"]
[Result "1-0"]
[ECO "B07"]
[WhiteElo "2279"]
[BlackElo "2194"]
[Annotator "NA"]
[PlyCount "97"]
[EventDate "2020.08.23"]
[EventType "swiss"]
[EventCountry "CZE"]
[SourceTitle "playchess.com"]
[Source "ChessBase"]
[SourceQuality "1"]
[TimeControl "40/5400+30:1800+30"]

1. d4 d6 2. e4 Nf6 3. Nc3 e5 4. dxe5 dxe5 5. Qxd8+ Kxd8 6. Bg5 Bd6 7. O-O-O a6 8. f4 Nbd7 9. Nf3 $14 Ke8 10. Bxf6 gxf6 11. fxe5 Nxe5 12. Nd5 Ng4 13. Nxf6+ Nxf6 14. e5 Be7 15. exf6 Bxf6 16. Bc4 Rg8 17. g3 Kf8 18. Rhf1 Rg4 19. Bb3 Kg7 20. Rde1 a5 21. Ne5 Rb4 22. Nd3 Rb6 23. a4 Bh3 24. Rf2 Rd8 25. Nf4 Bg5 26. Kb1 Bxf4 27. Rxf4 Be6 28. Bxe6 Rxe6 29. Rxe6 Rd1+ 30. Ka2 fxe6 31. Rf2 e5 32. Kb3 Kg6 33. Kc3 Kg5 34. Rf7 Kg4 35. Re7 Rd5 36. Rxc7 Kf3 37. Rf7+ Ke3 38. Rxh7 Rc5+ 39. Kb3 e4 40. h4 Kf2 41. g4 Re5 42. g5 e3 43. Rf7+ Kg3 44. g6 Kxh4 45. g7 Rg5 46. Re7 e2 47. Rxe2 Rxg7 48. Re5 b6 49. c3 1-0

[Event "CZE-ch 2020"]
[Site "Pilsen"]
[Date "2020.08.29"]
[Round "7.27"]
[White "Kawulok, Marek"]
[Black "Nagy, Ladislav"]
[Result "1/2-1/2"]
[ECO "C97"]
[WhiteElo "2226"]
[BlackElo "2150"]
[Annotator "ChessBase"]
[PlyCount "94"]
[EventDate "2020.08.23"]
[EventType "swiss"]
[EventCountry "CZE"]
[SourceTitle "playchess.com"]
[Source "ChessBase"]
[SourceQuality "1"]
[TimeControl "40/5400+30:1800+30"]

1. e4 e5 2. Nf3 Nc6 3. Bb5 a6 4. Ba4 Nf6 5. O-O Be7 6. Re1 b5 7. Bb3 d6 8. c3 O-O 9. h3 Na5 10. Bc2 c5 11. d4 Qc7 12. d5 c4 13. b4 cxb3 14. axb3 Bd7 15. Ba3 Bd8 16. Bd3 Qb8 17. Re2 Nb7 18. Rea2 Bb6 19. b4 Ne8 20. Bc1 Nc7 21. g4 Qd8 22. Nbd2 Qe7 23. Nf1 a5 24. Qe2 axb4 25. cxb4 Rxa2 26. Rxa2 Rb8 27. Be3 Bxe3 28. Qxe3 Qd8 29. Ra7 Qc8 30. Ng3 Nd8 31. Nh5 f6 32. g5 Bxh3 33. gxf6 Qg4+ 34. Ng3 Rb7 35. Rxb7 Nxb7 36. f7+ Kxf7 37. Ng5+ Kg8 38. Be2 Qc8 39. Nxh3 Qxh3 40. Qb6 Qc8 41. Bxb5 Nxb5 42. Qxb5 g6 43. Qc6 Qb8 44. Qd7 Nd8 45. Kg2 Nf7 46. b5 Ng5 47. Qe7 Nf7 1/2-1/2

[Event "CZE-ch 2020"]
[Site "Pilsen"]
[Date "2020.08.29"]
[Round "7.28"]
[White "Kures, Michael"]
[Black "Vybiral, Zdenek"]
[Result "1/2-1/2"]
[ECO "B07"]
[WhiteElo "2019"]
[BlackElo "2221"]
[Annotator "NA"]
[PlyCount "61"]
[EventDate "2020.08.23"]
[EventType "swiss"]
[EventCountry "CZE"]
[SourceTitle "playchess.com"]
[Source "ChessBase"]
[SourceQuality "1"]
[TimeControl "40/5400+30:1800+30"]

1. e4 d6 2. d4 Nf6 3. Nc3 e5 4. dxe5 dxe5 5. Qxd8+ Kxd8 6. Bg5 Be6 7. O-O-O+ Nbd7 8. f4 exf4 9. Nf3 Kc8 10. Nd4 Bb4 11. Nxe6 fxe6 12. Bc4 Re8 $1 13. Bxf4 Bxc3 14. bxc3 Nxe4 15. Rhe1 Nec5 16. Rd2 Nb6 17. Bb3 $11 a5 18. Rde2 Kd7 19. Re5 Nxb3+ 20. cxb3 Nd5 21. Bd2 b5 22. c4 bxc4 23. bxc4 Nb4 24. Bxb4 axb4 25. Kb2 Ra6 26. R1e2 Ra3 27. Rb5 Rea8 28. Kb1 R8a4 29. Rd2+ Kc8 30. Rf2 c6 31. Rb6 1/2-1/2

[Event "CZE-ch 2020"]
[Site "Pilsen"]
[Date "2020.08.29"]
[Round "7.29"]
[White "Brozka, Karel"]
[Black "Eret, Jonas"]
[Result "0-1"]
[ECO "E30"]
[WhiteElo "1991"]
[BlackElo "2219"]
[Annotator "ChessBase"]
[PlyCount "108"]
[EventDate "2020.08.23"]
[EventType "swiss"]
[EventCountry "CZE"]
[SourceTitle "playchess.com"]
[Source "ChessBase"]
[SourceQuality "1"]
[TimeControl "40/5400+30:1800+30"]

1. d4 e6 2. c4 Nf6 3. Nc3 Bb4 4. Bg5 h6 5. Bh4 c5 6. d5 Qa5 7. Bxf6 gxf6 8. Qc2 d6 9. e4 Bxc3+ 10. bxc3 e5 11. Bd3 Nd7 12. Ne2 Nb6 13. Ng3 Qa4 14. Qxa4+ Nxa4 15. Kd2 Rg8 16. Rhg1 Bd7 17. Nf1 Ke7 18. Ne3 Rab8 19. Rgb1 Kd8 20. Bc2 Nb6 21. a4 Nc8 22. a5 Ne7 23. h3 Kc7 24. g4 Ng6 25. Ng2 h5 26. f3 Rh8 27. Rh1 Rh6 28. Bd3 Rbh8 29. Rhg1 hxg4 30. hxg4 Rh2 31. Be2 R8h3 32. Raf1 Rg3 33. Ne3 Nf4 34. Rxg3 Rxe2+ 35. Kc1 Rxe3 36. Kb2 Re2+ 37. Kb3 b6 38. Ra1 bxa5 39. Rxa5 Kb6 40. Ra2 Re1 41. Rd2 Re3 42. Rf2 Ne2 43. Rh3 Nxc3 44. Kc2 Nxe4 45. Rfh2 Ng5 46. Rh8 Nxf3 47. R2h6 Nd4+ 48. Kd2 Re2+ 49. Kc1 Rc2+ 50. Kb1 e4 51. Rxf6 e3 52. Rxf7 e2 53. Re7 Rd2 54. Rb8+ Kc7 0-1

[Event "CZE-ch 2020"]
[Site "Pilsen"]
[Date "2020.08.29"]
[Round "7.30"]
[White "Frank, Adam"]
[Black "Flajsman, Pavel"]
[Result "0-1"]
[ECO "B67"]
[WhiteElo "2219"]
[BlackElo "2184"]
[Annotator "NA"]
[PlyCount "64"]
[EventDate "2020.08.23"]
[EventType "swiss"]
[EventCountry "CZE"]
[SourceTitle "playchess.com"]
[Source "ChessBase"]
[SourceQuality "1"]
[TimeControl "40/5400+30:1800+30"]

1. e4 c5 2. Nf3 Nc6 3. d4 cxd4 4. Nxd4 Nf6 5. Nc3 d6 6. Bg5 e6 7. Qd2 a6 8. O-O-O Bd7 9. f3 Nxd4 10. Qxd4 Be7 11. Qd2 b5 12. Bd3 Qc7 13. Kb1 b4 14. Ne2 $11 a5 15. Rhe1 Rb8 16. Ng3 a4 17. Bxf6 Bxf6 18. Nh5 Bc3 19. Qg5 h6 20. Qg3 Bxe1 21. Rxe1 g6 22. Nf6+ Ke7 23. e5 d5 24. f4 Bb5 25. Bxb5 Rxb5 26. f5 Rc8 27. Rc1 exf5 28. Qh4 g5 29. Qxh6 Qxe5 30. Qxg5 Kd6 31. Qg7 a3 32. c3 bxc3 0-1